 Dungeon Crawl Stone Soup version 0.26-a0-651-gb41185065b (webtiles) character file.

Game seed: 18166634156842061846

175 danilin1 the Chopper (level 5, -9/72 HPs)
             Began as a Hill Orc Berserker on Oct 21, 2020.
             Was a Believer of Trog.
             Killed from afar by an orc wizard (11 damage)
             ... with a magic dart
             ... on level 3 of the Dungeon.
             The game lasted 00:04:03 (3131 turns).

danilin1 the Chopper (Hill Orc Berserker)           Turns: 3131, Time: 00:04:03

Health: -9/72      AC:  2    Str: 21      XL:     5   Next: 55%
Magic:  5/5        EV: 12    Int:  7      God:    Trog [**....]
Gold:   88         SH:  0    Dex:  7 (10) Spells: 4/4 levels left

rFire    . . .     SeeInvis .   a - +0 hand axe
rCold    . . .     Faith    .   (no shield)
rNeg     . . .     Spirit   .   b - +0 animal skin
rPois    .         Reflect  .   (no helmet)
rElec    .         Harm     .   (no cloak)
rCorr    .         Rampage  .   (no gloves)
MR       .....                  (no boots)
Stlth    ..........             (no amulet)
HPRegen  0.22/turn              (no ring)
MPRegen  0.09/turn              (no ring)

@: berserking, very quick
A: no striking features
a: Berserk, Trog's Hand, Renounce Religion


You were on level 3 of the Dungeon.
You worshipped Trog.
Trog was pleased with you.
You visited 1 branch of the dungeon, and saw 3 of its levels.

You collected 88 gold pieces.

Inventory:

Hand Weapons
 a - a +0 hand axe (weapon)
Armour
 b - a +0 animal skin (worn)
 g - a scarf of resistance
 k - a +0 pair of boots
Scrolls
 d - a scroll of enchant weapon {unknown}
 e - a scroll of identify {unknown}
 j - 2 scrolls of teleportation {unknown}
 m - a scroll of amnesia {unknown}
Potions
 c - a potion of brilliance {unknown}
 f - a potion of stabbing {unknown}
 h - a potion of degeneration {unknown}
 i - a potion of invisibility {unknown}
 l - a potion of curing {unknown}
 n - a potion of heal wounds {unknown}


   Skills:
 + Level 5.1 Fighting
 + Level 6.1 Axes
 + Level 2.3 Armour
 + Level 2.4 Dodging


You had 4 spell levels left.
You didn't know any spells.
Your spell library was empty.

Dungeon Overview and Level Annotations

Branches:
Dungeon (3/15)

Altars:


Message History

* * * LOW HITPOINT WARNING * * *
You barely miss the orc wizard.
The orc wizard is moderately wounded.
You slash the orc!
You kill the orc!
Trog accepts your kill.
The orc wizard hits you with a +0 dagger.
* * * LOW HITPOINT WARNING * * *
You closely miss the orc wizard.
The orc wizard is moderately wounded.
You hit the orc wizard.
The orc wizard is severely wounded.
The orc wizard gestures at you while chanting.
The puff of frost hits you!
* * * LOW HITPOINT WARNING * * *
You closely miss the orc wizard.
The orc wizard is severely wounded.
The orc wizard casts a spell at you. The magic dart hits you!
You die...

#... #...# #...#
#
#####...######.#
.........[.....#
[...............
.......(.......
#.#..o@#
#.#..†)#
#.#..<.#
#.#....#
#.#....#
#......##
##......#
#.......#
.......#.#


You could see an orc wizard.

Vanquished Creatures
  A quasit (D:2)
  Jessica (D:2)
  6 adders (D:2)
  2 worms
  2 dart slugs
  2 leopard geckos
  6 orcs
  A ball python (D:1)
  3 giant cockroaches (D:2)
  4 goblins
  6 hobgoblins
  7 bats
  6 frilled lizards
  3 kobolds
  2 rats
52 creatures vanquished.

Notes
Turn   | Place    | Note
-------+----------+-------------------------------------------
     0 | D:1      | danilin1 the Hill Orc Berserker began the quest for the
                  | Orb.
     0 | D:1      | Reached XP level 1. HP: 19/19 MP: 1/1
   288 | D:1      | Reached XP level 2. HP: 21/27 MP: 2/2
  1155 | D:2      | Reached XP level 3. HP: 30/34 MP: 3/3
  1411 | D:2      | Reached ** piety under Trog
  1713 | D:2      | Reached skill level 5 in Axes
  1747 | D:2      | Reached XP level 4. HP: 35/41 MP: 4/4
  2375 | D:2      | Reached XP level 5. HP: 47/47 MP: 5/5
  2523 | D:2      | Reached skill level 5 in Fighting
  2900 | D:2      | Noticed Jessica
  2907 | D:2      | Killed Jessica
  2907 | D:2      | Reached skill level 6 in Axes
  3130 | D:3      | HP: 2/72 [orc wizard/puff of frost (9)]
  3131 | D:3      | Killed from afar by an orc wizard

Illustrated notes

Levels and vault maps discovered:
D:1:      lemuel_arrival_broad_hall, layout_basic
D:2:      minmay_chambers_of_ones, layout_loops_ring, wad_orctagon, uniq_jessica
D:3:      layout_loops_cross, tso_altar, amethyst_killhole, uniq_sigmund

Skill      XL: |  1  2  3  4  5 |
---------------+----------------+-----
Fighting       | 4 5 |  5.1
Axes           | 5 6 |  6.1
Dodging        | 2 |  2.4
Armour         | |  2.3

Action                   |  1- 3 |  4- 6 || total
-------------------------+-------+-------++-------
Melee: Hand axe          |   104 |    83 ||   187
Invok: Berserk           |     1 |     3 ||     4
 Stab: Sleeping          |     1 |       ||     1
Armor: Animal skin       |    31 |    20 ||    51
Dodge: Dodged            |    77 |    53 ||   130

Table legend: (Time is in decaauts)
 A = Elapsed time spent in this place.
 B = Non-inter-level travel time spent in this place.
 C = Inter-level travel time spent in this place.
 D = Time resting spent in this place.
 E = Time spent auto-exploring this place.
 F = Levels seen in this place.
 G = Mean time per level.
                   A        B        C        D        E       F      G
               +--------+--------+--------+--------+--------+-----+--------+
         Total |   3170 |   3105 |     65 |      0 |   2518 |   3 | 1056.7 |
       Dungeon |   3170 |   3105 |     65 |      0 |   2518 |   3 | 1056.7 |
               +--------+--------+--------+--------+--------+-----+--------+

Top non-repeatable levels by time:
     D:2: 2100 daAuts
     D:1: 1041 daAuts
     D:3: 28 daAuts
